 Dungeon Crawl Stone Soup version 0.31.0-11-ge490571c62 (webtiles) character file.

Game seed: 15232885755580796527

2526319 Cheops the End of an Era (level 27, 140/207 HPs)
             Began as a Formicid Fighter on Jan 23, 2024.
             Was the Champion of Qazlal.
             Escaped with the Orb
             ... and 5 runes on Jan 28, 2024!
             The game lasted 06:57:39 (99925 turns).

Cheops the End of an Era (Formicid Fighter)        Turns: 99925, Time: 06:57:40

Health: 140/207    AC: 42    Str: 38    XL:     27
Magic:  38/40      EV: 12    Int: 18    God:    Qazlal [******]
Gold:   6531       SH: 42    Dex:  8    Spells: 26/26 levels left

rFire   + + .        a - +9 bardiche (flame)
rCold   + . .        A - +6 tower shield {AC+3}
rNeg    + + +        E - +14 plate armour "Filabah" {-Tele rN++ rCorr}
rPois   .            (helmet unavailable)
rElec   .            k - scarf "Qieceoci" {rC+ rF+, Int+4 Stlth-}
rCorr   +            O - +0 pair of fencer's gloves {Riposte Dex+3}
SInv    +            W - +2 pair of boots {rampage}
Will    +++..        R - brooch of Shielding {Spirit SH+8} Stlth
                     X - ring of Nicw {rN+ Str+6 Dex-5}
HPRegen 0.54/turn    H - ring of protection from fire
MPRegen 0.27/turn

%: repel missiles, guardian spirit, rampage
@: studying 2 skills
A: permanent stasis, dig shafts and tunnels, antennae 3, four strong arms,
hooves 1, iridescent scales 1, clever 1, clumsy 1, frail 1, strong-willed 1,
sense surroundings 1, subdued magic 1, MP-powered wands
0: Orb of Zot
}: 5/15 runes: barnacled, slimy, silver, abyssal, gossamer
a: Dig, Shaft Self, Renounce Religion, Upheaval, Elemental Force, Disaster Area


You escaped.
You worshipped Qazlal.
Qazlal was exalted by your worship.
You visited 13 branches of the dungeon, and saw 57 of its levels.
You visited the Abyss 2 times.
You also visited: Ossuary, Volcano and Wizlab.

You collected 9295 gold pieces.
You spent 2764 gold pieces at shops.

Inventory:

Hand Weapons
 a - a +9 bardiche of flaming (weapon)
 b - a +1 spectral glaive
 c - a +3 antimagic halberd
Armour
 f - the +1 pair of boots of Disappointment {Fly}
   (You acquired it on level 1 of the Vaults)

   Fly:       It grants you flight.
 k - the scarf "Qieceoci" (worn) {rC+ rF+, Int+4 Stlth-}
   (You found it on level 4 of the Lair of Beasts)

   Int+4:     It affects your intelligence (+4).
   Stlth-:    It makes you less stealthy.
 u - a +1 cloak of willpower
 v - the +2 pair of gloves "Loipew" {rN+ Slay+5 Stlth+}
   (You found it on level 1 of the Vaults)

   Slay+5:    It affects your accuracy & damage with ranged weapons and melee
   (+5).
   rN+:       It protects you from negative energy.
   Stlth+:    It makes you more stealthy.
 y - +0 fire dragon scales
 A - a +6 tower shield of protection (worn)
 E - the +14 plate armour "Filabah" (worn) {-Tele rN++ rCorr}
   (You bought it in a shop on level 2 of the Orcish Mines)

   rN++:      It greatly protects you from negative energy.
   -Tele:     It prevents most forms of teleportation.
   rCorr:     It protects you from acid and corrosion.
 O - the +0 pair of fencer's gloves (worn) {Riposte Dex+3}
   (You found it on level 3 of the Elven Halls)

   Riposte:   It allows the wearer to riposte with melee weapons, swiftly
   retaliating against missed or blocked melee attacks.
   Dex+3:     It affects your dexterity (+3).
 W - a +2 pair of boots of rampaging (worn)
 Z - the +13 plate armour "Vumaoc" {rC+ Int+3 Dex+3}
   (You found it on level 1 of the Spider Nest)

   Int+3:     It affects your intelligence (+3).
   Dex+3:     It affects your dexterity (+3).
   rC+:       It protects you from cold.
Jewellery
 d - the ring of Disaster {Fire Str+2}
   (You found it on level 3 of the Crypt)

   [ring of fire]

   Fire:      It enhances your fire magic.
   Str+2:     It affects your strength (+2).
   rF+:       It protects you from fire.
   rC-:       It makes you vulnerable to cold.
 g - the amulet of the Air {Inacc Air Fly rElec RMsl}
   (You found it on level 3 of the Crypt)

   [amulet of nothing]

   Inacc:     It reduces the accuracy of your attacks and spells.
   Air:       It enhances your air magic.
   rElec:     It insulates you from electricity.
   Fly:       It grants you flight.
   RMsl:      It protects you from missiles.
 o - a ring of protection from cold
 H - a ring of protection from fire (right hand)
 J - an amulet of the acrobat
 P - a +5 ring of evasion
 R - the brooch of Shielding (around neck) {Spirit SH+8}
   (You took it off a hell knight on level 1 of the Crypt)

   [amulet of guardian spirit]

   Spirit:    It causes incoming damage to be divided between your reserves of
   health and magic.
   SH+8:      It affects your SH (+8).
 T - the amulet "Yxto" {rN++ Regen+ Str+4 Dex+3}
   (You took it off a tengu reaver on level 5 of the Vaults)

   [amulet of regeneration]

   Str+4:     It affects your strength (+4).
   Dex+3:     It affects your dexterity (+3).
   rN++:      It greatly protects you from negative energy.
   Regen+:    It increases your rate of health regeneration.
 X - the ring of Nicw (left hand) {rN+ Str+6 Dex-5}
   (You took it off a deep elf annihilator on level 3 of the Elven Halls)

   [ring of positive energy]

   Str+6:     It affects your strength (+6).
   Dex-5:     It affects your dexterity (-5).
   rN+:       It protects you from negative energy.
Wands
 h - a wand of mindburst (42)
 z - a wand of roots (33)
 B - a wand of paralysis (60)
 C - a wand of digging (6)
 I - a wand of flame (158)
 L - a wand of polymorph (25)
 V - a wand of quicksilver (52)
Scrolls
 l - 3 scrolls of fog
 m - 5 scrolls of fear
 q - 6 scrolls of immolation
 w - 12 scrolls of poison
 D - 3 scrolls of silence
 G - 7 scrolls of revelation
 M - a scroll of summoning
Potions
 i - a potion of mutation
 j - 5 potions of attraction
 p - 5 potions of ambrosia
 r - 15 potions of lignification
 s - 6 potions of enlightenment
 t - 24 potions of curing
 x - 6 potions of heal wounds
 K - 3 potions of might
 N - 4 potions of resistance
 Y - 4 potions of cancellation
Miscellaneous
 e - a box of beasts
 n - a lightning rod (4/4)
 F - a phial of floods
 Q - a tin of tremorstones (2/2)
 S - a phantom mirror
 U - the horn of Geryon


   Skills:
 + Level 22.0 Fighting
 O Level 27 Polearms
 - Level 18.0 Armour
 - Level 15.3 Dodging
 - Level 22.0 Shields
 O Level 27 Invocations
 - Level 20.4 Evocations


You had 26 spell levels left.
You didn't know any spells.
Your spell library contained the following spells:

 Spells                   Type           Power      Damage    Failure   Level
 Freeze                   Ice            0%         1d3       63%         1
 Necrotise                Necr           0%         1d4       63%         1
 Sandblast                Erth           0%         2d4       63%         1
 Slow                     Hex            0%         N/A       63%         1
 Sting                    Conj/Alch      0%         1d3       63%         1
 Summon Small Mammal      Summ           0%         N/A       63%         1
 Call Imp                 Summ           0%         N/A       78%         2
 Cigotuvi's Dreadful Rot  Necr/Alch/Air  0%         N/A       78%         2
 Ensorcelled Hibernation  Hex/Ice        0%         N/A       78%         2
 Jinxbite                 Hex            0%         N/A       78%         2
 Lesser Beckoning         Tloc           0%         N/A       78%         2
 Mercury Vapours          Alch/Air       0%         N/A       78%         2
 Momentum Strike          Conj/Tloc      0%         3d8       78%         2
 Sublimation of Blood     Necr           0%         N/A       78%         2
 Confusing Touch          Hex            0%         N/A       95%         3
 Dazzling Flash           Conj/Hex       0%         N/A       95%         3
 Frozen Ramparts          Ice            0%         1d1       95%         3
 Fugue of the Fallen      Necr           0%         N/A       95%         3
 Gell's Gravitas          Tloc           0%         N/A       95%         3
 Hailstorm                Conj/Ice       0%         3d5       95%         3
 Inner Flame              Hex/Fire       0%         N/A       95%         3
 Mephitic Cloud           Conj/Alch/Air  0%         N/A       95%         3
 Passwall                 Erth           0%         N/A       95%         3
 Sigil of Binding         Hex            0%         N/A       95%         3
 Stone Arrow              Conj/Erth      0%         3d7       95%         3
 Summon Ice Beast         Ice/Summ       0%         N/A       95%         3
 Teleport Other           Tloc           0%         N/A       95%         3
 Vampiric Draining        Necr           0%         2d6       95%         3
 Volatile Blastmotes      Fire/Tloc      0%         2d10      95%         3
 Anguish                  Hex/Necr       0%         N/A       100%        4
 Animate Armour           Summ/Erth      0%         N/A       100%        4
 Animate Dead             Necr           0%         N/A       100%        4
 Brom's Barrelling Bould  Conj/Erth      0%         2d3       100%        4
 Dispel Undead            Necr           0%         3d6       100%        4
 Flame Wave               Conj/Fire      0%         2d4       100%        4
 Ignite Poison            Fire/Alch      0%         N/A       100%        4
 Leda's Liquefaction      Alch/Erth      0%         N/A       100%        4
 Martyr's Knell           Necr/Summ      0%         N/A       100%        4
 Olgreb's Toxic Radiance  Alch           0%         N/A       100%        4
 Passage of Golubria      Tloc           0%         N/A       100%        4
 Petrify                  Alch/Erth      0%         N/A       100%        4
 Sticky Flame             Fire/Alch      0%         2d4       100%        4
 Summon Lightning Spire   Summ/Air       0%         N/A       100%        4
 Alistair's Intoxication  Alch           0%         N/A       100%        5
 Arcjolt                  Conj/Air       0%         1d10      100%        5
 Borgnjor's Vile Clutch   Necr/Erth      0%         N/A       100%        5
 Curse of Agony           Necr           0%         N/A       100%        5
 Fireball                 Conj/Fire      0%         3d3       100%        5
 Freezing Cloud           Conj/Ice/Air   0%         6-21      100%        5
 Irradiate                Conj/Alch      0%         3d11      100%        5
 Iskenderun's Battlesphe  Conj           0%         2d6       100%        5
 Lee's Rapid Deconstruct  Erth           0%         3d4*      100%        5
 Metabolic Englaciation   Hex/Ice        0%         N/A       100%        5
 Silence                  Hex/Air        0%         N/A       100%        5
 Summon Mana Viper        Hex/Summ       0%         N/A       100%        5
 Yara's Violent Unravell  Hex/Alch       0%         3d3       100%        5
 Bombard                  Conj/Erth      0%         9d1       100%        6
 Conjure Ball Lightning   Conj/Air       0%         3x3d6     100%        6
 Death Channel            Necr           0%         N/A       100%        6
 Dispersal                Tloc           0%         N/A       100%        6
 Eringya's Noxious Bog    Alch           0%         4d6       100%        6
 Plasma Beam              Fire/Air       0%         2x1d10    100%        6
 Sculpt Simulacrum        Ice/Alch       0%         N/A       100%        6
 Starburst                Conj/Fire      0%         6d3       100%        6
 Enfeeble                 Hex            0%         N/A       100%        7
 Haunt                    Necr/Summ      0%         N/A       100%        7
 Malign Gateway           Summ/Tloc      0%         N/A       100%        7
 Monstrous Menagerie      Summ           0%         N/A       100%        7
 Orb of Destruction       Conj           0%         9d5       100%        7
 Ozocubu's Refrigeration  Ice            0%         4d7       100%        7
 Spellforged Servitor     Conj/Summ      0%         N/A       100%        7
 Summon Hydra             Summ           0%         N/A       100%        7
 Borgnjor's Revivificati  Necr           0%         N/A       100%        8
 Discord                  Hex            0%         N/A       100%        8
 Ignition                 Fire           0%         3d3       100%        8
 Infestation              Necr           0%         N/A       100%        8
 Lehudib's Crystal Spear  Conj/Erth      0%         10d2      100%        8
 Maxwell's Capacitive Co  Air            0%         ∞         100%        8
 Summon Horrible Things   Summ           0%         N/A       100%        8
 Death's Door             Necr           0%         N/A       100%        9
 Fire Storm               Conj/Fire      0%         5d1       100%        9
 Polar Vortex             Ice            0%         N/A       100%        9
 Blink                    Tloc           Unusable   N/A       N/A         2
 Vhi's Electric Charge    Tloc/Air       Unusable   N/A       N/A         4

Dungeon Overview and Level Annotations

Branches:
Dungeon (15/15)            Temple (1/1) D:7            Lair (5/5) D:8
 Shoals (4/4) Lair:2       Spider (4/4) Lair:3        Slime (5/5) Lair:4
    Orc (2/2) D:9             Elf (3/3) Orc:2        Vaults (5/5) D:14
  Crypt (3/3) Vaults:2       Tomb (0/3) Crypt:3      Depths (4/4) D:15
   Hell (visited)             Dis (0/7) Hell            Geh (0/7) Hell
    Coc (0/7) Hell            Tar (0/7) Hell            Zot (5/5) Depths:4
Ossuary (visited)         Volcano (visited)          WizLab (visited)

Altars:
Ashenzari
Cheibriados
Dithmenos
Elyvilon
Fedhas
Gozag
Hepliaklqana
Kikubaaqudgha
Makhleb
Nemelex Xobeh
Okawaru
Qazlal
Ru
Sif Muna
Trog
Uskayaw
Vehumet
Wu Jian
Xom
Yredelemnul
Zin
The Shining One

Shops:
D:5 (   D:12 [   Orc:2 *[(:   Shoals:2 !   Vaults:1 ?   Vaults:3 [

Portals:
Hell: Depths:1 Depths:2 Depths:3 Depths:4
Abyss: Depths:3 Depths:4
Pandemonium: Depths:1 Depths:2
Ziggurat: Depths:1


Innate Abilities, Weirdness & Mutations

You cannot be hasted, slowed, berserked, paralysed or teleported.
You can dig through walls and to a lower floor.
You have a pair of large antennae on your head. (SInv)
Your four strong arms can wield two-handed weapons with a shield.
You have large cloven feet.
You are partially covered in iridescent scales. (AC +2)
Your mind is acute. (Int +4, Str/Dex -1)
You are clumsy. (Dex -2)
You are frail. (-10% HP)
You are strong-willed. (Will+)
You passively map a small area around you.
Your spells are a little easier to cast, but a little less powerful.
You expend magic power (3 MP) to strengthen your wands.


Message History

You block Ranwuc's attack.
You completely miss Ranwuc. You block Ranwuc's attack.
You barely miss Ranwuc. You block Ranwuc's attack.
You hit Ranwuc.
Ranwuc is lightly wounded.
You block Ranwuc's attack.
You barely miss Ranwuc.
Ranwuc is lightly wounded.
You block Ranwuc's attack.
You hit Ranwuc.
Ranwuc is lightly wounded.
You block Ranwuc's attack.
You riposte.
You barely miss Ranwuc.
Ranwuc is lightly wounded.
You block Ranwuc's attack.
You riposte.
You closely miss Ranwuc.
Ranwuc is lightly wounded.
You closely miss Ranwuc.
Ranwuc is lightly wounded.
You block Ranwuc's attack.
You closely miss Ranwuc.
Ranwuc is lightly wounded.
You block Ranwuc's attack. You block Ranwuc's attack. x2
You begin to dig a shaft.
You continue digging a shaft.
You block Ranwuc's attack. You block the lich's attack.
A shaft appears beneath you!
You fall into a shaft and drop 1 floor!
The shaft crumbles and collapses.
There is a stone staircase leading up here.
You climb upwards.
There is a stone staircase leading down here.
There is an open door here.
There is an open door here.
You hear a shout!
Something roars, "Thy gizzard shall be my repast!"
Something shouts, "Abandon hope, thou tasty snack!"
Something says, "Turn tail, thou churlish hedge-born coxcomb!"
You hear a shout!
Ranwuc bellows, "Face thy requiem, thou tasty victuals!"
There is a staircase leading out of the dungeon here.
You have escaped!

............#...#...#............
......#..#.L.#..#..#...#..#######
####......#..#..#..#..#....# #
#..........#..#.#.#..#.....# #
#.......#...#&#.#.#.#...#..# #
#........##..#.#.#.#..##...# #
#..........##.#..○#.##.....## ###
#............#.....#........###..
.....#.######...@§..######..##..#
######.......#.○..○#...........##
#.....##.#.☼.#.##......####
#...##..#.#.#.#..##...##
#..#...#.#.#.#.#...#..#
#.....#..#.#.#..#.....#
#....#..#..#..#..#....#
#...#...#..#..#...#..## ###
#......#...#...#.....#


You could see Ranwuc and a lich.

Vanquished Creatures
  the Royal Jelly (Slime:5)
  3 dread liches
  2 orbs of fire (Zot:5)
  2 ancient liches (Zot:5)
  Mara (Shoals:4)
  A juggernaut (Depths:2)
  A pandemonium lord (Zot:4)
  Xtahua (Depths:3)
  8 Killer Klowns
  Margery (Vaults:2)
  11 golden dragons
  Geryon (Hell)
  Jory (Depths:4)
  3 bone dragons
  Norris (Depths:1)
  4 electric golems
  A Tzitzimitl (D:1)
  The ghost of Xutext the Spry, an adept DsAK of Lugonu (Depths:1)
  3 hellephants
  23 tentacled monstrosities
  5 walking crystal tomes
  Rupert (D:14)
  3 liches
  2 walking earthen tomes (WizLab)
  3 titans (Vaults:5)
  Mlioglotl (Lair:3)
  20 acid blobs
  10 searing wretches (Hell)
  2 deep elf blademasters (Elf:3)
  A walking frostbound tome (Depths:3)
  5 sphinxes
  10 quicksilver dragons
  27 Orb Guardians
  2 deep elf master archers (Elf:3)
  6 ancient champions (Crypt:3)
  5 death cobs
  4 tentacled starspawn
  19 storm dragons
  A strange machine (WizLab)
  7 tengu reavers
  An Executioner (Abyss:2)
  Kirke (Spider:1)
  Gastronok (D:12)
  Donald (Elf:3)
  Ilsuiw (Shoals:3)
  12 shadow dragons
  10 azure jellies
  3 revenants
  6 protean progenitors
  A demonspawn warmonger (D:15)
  6 fire giants
  14 rockslimes
  7 draconian knights
  6 draconian monks
  Aizul (Lair:3)
  10 frost giants
  9 vault wardens
  7 draconian shifters
  A balrug (Depths:2)
  8 emperor scorpions
  2 iron dragons
  Louise (Shoals:3)
  An angel (Depths:1)
  9 deep elf sorcerers
  A deep elf elementalist (Elf:3)
  7 draconian scorchers
  8 ghouls
  5 orc warlords
  4 ghost moths
  19 very ugly things
  A demonspawn corrupter (D:15)
  9 quicksilver oozes
  8 reapers
  A draconian stormcaller (Depths:4)
  14 formless jellyfish
  8 ironbound thunderhulks
  5 broodmothers
  5 draconian annihilators
  6 caustic shrike skeletons
  A juggernaut skeleton (Crypt:3)
  14 stone giants
  13 ironbound preservers
  2 starflowers (Abyss:3)
  11 green draconians
  15 dire elephants
  A lorocyproca (Hell)
  11 white draconians
  3 vampire knights
  6 war gargoyles
  6 deep elf annihilators
  13 deep elf death magi
  7 deep elf demonologists
  21 purple draconians
  15 black draconians
  Azrael (D:15)
  2 bunyips (Zot:1)
  4 eidola
  3 iron golems (Hell)
  12 red draconians
  4 spark wasps
  12 yellow draconians
  4 merfolk impalers
  12 ettins
  5 merfolk javelineers
  2 green deaths (Hell)
  6 deep elf high priests
  11 jiangshi
  3 quicksilver dragon skeletons
  15 great orbs of eyes
  The ghost of Wuvuatt the Impaler, a journeyman MiBe of Trog (Lair:2)
  2 spriggan zombies (Depths:1)
  15 yaktaur captains
  3 fire dragons
  12 rakshasas
  5 entropy weavers
  2 catoblepae
  A hell beast (Depths:1)
  4 jorogumos
  5 ice dragons
  4 peacekeepers (Vaults:3)
  30 vault guards
  11 ironbound frosthearts
  Harold (D:10)
  6 boulder beetles
  The ghost of Huxoxzufuz the Blocker, a journeyman GnFi of Hepliaklqana (Lair:2)
  2 ogre magi (Vaults:5)
  Erica (D:10)
  6 radroaches
  5 hydras
  2 spriggan air magi
  A spriggan skeleton (Crypt:3)
  8 merfolk avatars
  A stoker (Hell)
  8 centaur warriors
  40 dancing weapons
  3 fenstrider witch skeletons (Crypt:3)
  3 death knights (Crypt:2)
  9 vampire magi
  A satyr (shapeshifter) (Vaults:5)
  6 satyrs
  9 merfolk aquamancers
  The ghost of Wiabosch the Destroyer, a journeyman DEFE of Vehumet (Lair:2)
  2 death yaks (Lair:3)
  10 hell hogs
  5 deep troll earth magi
  11 two-headed ogres
  6 orc high priests
  2 occultists
  5 tengu warriors
  2 deep troll shamans
  24 hell knights
  6 thrashing horrors
  18 deep elf knights
  A titan zombie (Crypt:1)
  2 spriggan berserkers
  10 demonic crawlers
  4 soul eaters
  Amaemon (D:9)
  7 skysharks
  6 wretched stars
  4 sixfirhies
  10 sun demons
  4 iron trolls
  23 skeletal warriors
  7 pharaoh ants
  A salamander mystic (Volcano)
  5 titan skeletons (Crypt:3)
  2 shadow wraiths
  2 shadow demons
  38 deep trolls
  2 deep trolls (shapeshifter)
  8 sea snakes
  A sun moth (Spider:1)
  12 orb spiders
  4 glowing orange brains
  A swamp dragon (shapeshifter) (Depths:2)
  A kraken simulacrum (Hell)
  An anaconda zombie (Hell)
  6 bog bodies
  A golden dragon skeleton (Crypt:1)
  11 steelbarb worms
  26 deep elf zephyrmancers
  An obsidian statue (Vaults:1)
  4 flayed ghosts
  7 arcanists
  17 phantasmal warriors
  An anaconda skeleton (Hell)
  10 lindwurms
  10 harpies
  14 orc knights
  16 deep elf archers
  An iron dragon zombie (Hell)
  46 deep elf pyromancers
  2 wolf spider zombies (D:11)
  27 ironbound convokers
  10 necromancers
  35 ugly things
  An oklob plant (Abyss:3)
  26 fauns
  7 orc sorcerers
  A goliath frog skeleton (Crypt:3)
  20 wolf spiders
  3 large abominations (Abyss:2)
  Maurice (D:12)
  A frost giant zombie (Depths:1)
  21 moths of wrath
  12 manticores
  9 shining eyes
  A shining eye (shapeshifter) (Vaults:3)
  7 cyclopes
  A cyclops (shapeshifter) (Vaults:1)
  4 salamanders (Volcano)
  4 centaur zombies
  27 elephants
  3 stone giant skeletons (Crypt:3)
  3 meliai (Spider:2)
  8 merfolk sirens
  Joseph (D:10)
  A water nymph (shapeshifter) (Depths:2)
  An apocalypse crab (Abyss:2)
  An iron dragon skeleton (Crypt:3)
  9 rust devils
  A storm dragon simulacrum (Crypt:1)
  3 black mambas (Lair:5)
  17 vault sentinels
  A water nymph (Shoals:2)
  10 torpor snails
  9 eyes of devastation
  2 molten gargoyles (Volcano)
  3 smoke demons (Abyss:2)
  A kobold demonologist (D:12)
  2 dire elephant skeletons
  4 centaur skeletons
  7 cane toads
  2 gargoyles
  4 rime drakes
  2 orange demons
  27 yaktaurs
  An anaconda simulacrum (Hell)
  3 efreet (D:14)
  11 tengu conjurers
  5 komodo dragons
  3 unseen horrors
  10 ice devils
  A red draconian skeleton (Crypt:1)
  A red devil (Depths:3)
  8 freezing wraiths
  3 hydra zombies (Hell)
  3 ancient zymes
  A yaktaur skeleton (Vaults:1)
  A queen bee (shapeshifter) (Abyss:2)
  A harpy zombie (Abyss:2)
  25 merfolk
  6 trolls
  A wolf spider simulacrum (D:14)
  2 hellwings (D:11)
  A harpy skeleton (Crypt:3)
  9 wind drakes
  A moth of wrath zombie (Crypt:1)
  An alligator simulacrum (Hell)
  4 glass eyes
  2 polar bears (Lair:5)
  28 tarantellas
  6 dream sheep
  12 hornets
  94 slime creatures
  10 snapping turtles
  6 blink frogs
  A hydra skeleton (Crypt:1)
  A meliai zombie (D:15)
  26 jumping spiders
  6 raiju
  A fire giant simulacrum (Vaults:1)
  An ice dragon skeleton (Crypt:1)
  A culicivora (shapeshifter) (Vaults:1)
  22 water elementals
  22 culicivoras
  14 spriggans
  3 small abominations
  11 starcursed masses
  3 ynoxinuls
  2 air elementals
  9 humans
  A vampire (D:9)
  3 shadows
  Eustachio (D:6)
  35 yaks
  An ettin skeleton (Crypt:3)
  5 fire dragon skeletons (Crypt:1)
  A hog (shapeshifter) (Elf:3)
  5 basilisks
  7 wraiths
  2 fire bats (Volcano)
  7 wyverns
  8 fire elementals
  A black mamba skeleton (Crypt:3)
  9 steam dragons
  A wind drake skeleton (Crypt:2)
  9 golden eyes
  4 neqoxecs
  56 redbacks
  8 vampire mosquitoes
  A sea snake simulacrum (Hell)
  4 wargs
  2 chaos spawn
  3 acid dragons
  21 water moccasins
  A fire bat skeleton (Crypt:1)
  A meliai simulacrum (D:15)
  10 hell hounds
  A cane toad skeleton (Crypt:2)
  2 hornet zombies (D:11)
  8 ice beasts
  A naga skeleton (Crypt:3)
  22 orc warriors
  2 sky beasts
  10 black bears
  18 laughing skulls
  3 ogres
  11 boggarts
  34 wolves
  A swamp dragon zombie (Hell)
  5 centaurs
  A human skeleton (Vaults:1)
  A phantom (D:3)
  3 kobold brigands
  3 gnoll sergeants
  10 bullfrogs
  An elf zombie (Crypt:2)
  3 necrophages (Crypt:2)
  4 water moccasin zombies (Ossuary)
  2 earth elementals
  2 scorpions
  A warg skeleton (Crypt:3)
  A burial acolyte (Ossuary)
  23 wights
  A water moccasin skeleton (Crypt:3)
  9 killer bees
  A yak skeleton (Crypt:1)
  2 electric eels
  5 howler monkeys
  2 crimson imps
  6 lava snakes (Volcano)
  2 hounds
  5 bombardier beetles
  15 jellies
  11 orc priests
  A spectral scorpion (Ossuary)
  2 gnoll boudas
  Jessica (D:2)
  A sleepcap (D:5)
  4 iguanas
  21 orc wizards
  A black bear skeleton (Crypt:2)
  5 hell rats (Hell)
  3 crocodile zombies
  A naga zombie (Crypt:2)
  A boggart simulacrum (D:14)
  A hound skeleton (Crypt:1)
  2 mummies (Ossuary)
  9 adders
  31 gnolls
  A ribbon worm zombie (Crypt:2)
  5 shadow imps (D:11)
  6 white imps
  7 ufetubi
  An iguana skeleton (Crypt:1)
  5 adder zombies (Ossuary)
  2 dart slugs
  3 ribbon worms
  64 orcs
  7 bats
  A bat skeleton (Crypt:3)
  9 endoplasms
  6 giant cockroaches
  8 gnoll zombies (Ossuary)
  9 goblins
  10 hobgoblins
  5 jackals
  25 kobolds
  2 quokkas (D:1)
  11 ball pythons
  2 frilled lizards
  A frilled lizard skeleton (Crypt:2)
  A goblin zombie (D:9)
  A hobgoblin zombie (Crypt:2)
  7 jackal zombies (Ossuary)
  4 orc zombies (Ossuary)
  6 rats
  2 rat zombies
  A river rat skeleton (Crypt:1)
  An aspiring flesh (Zot:1)
  2 creeping infernos (Hell)
  5 fire vortices (Hell)
  2 lurking horrors
  5 spectral weapons
  4 starspawn tentacles
2766 creatures vanquished.

Vanquished Creatures (collateral kills)
  Jorgrun (Elf:2)
  A hydra (Lair:5)
  A dancing weapon (Elf:2)
  A tengu warrior (Depths:1)
  2 deep elf knights (Elf:2)
  2 deep elf zephyrmancers (Elf:2)
  A manticore (Shoals:3)
  A faun (Shoals:3)
  2 merfolk (Shoals:3)
  A basilisk (Lair:5)
13 creatures vanquished.

Vanquished Creatures (others)
  A Killer Klown (Zot:5)
  A lich (Depths:3)
  A dancing weapon (Elf:2)
  2 deep elf knights (Elf:2)
  A deep elf zephyrmancer (Elf:1)
  A faun (Shoals:4)
  A tarantella (Spider:3)
  A dream sheep (Shoals:3)
  An orc (D:15)
  A creeping inferno (Hell)
  45 spectral weapons
  6 starspawn tentacles (Abyss:3)
  4 tentacles (Hell)
66 creatures vanquished.

Grand Total: 2845 creatures vanquished

Notes
Turn   | Place    | Note
-------+----------+-------------------------------------------
     0 | D:1      | Cheops the Formicid Fighter began the quest for the Orb.
     0 | D:1      | Reached XP level 1. HP: 18/18 MP: 1/1
     0 | D:1      | Upgraded the game from 0.31.0-7-gf635a9b802 to
                  | 0.31.0-9-g3a7656b989
   121 | D:1      | Reached XP level 2. HP: 24/24 MP: 2/2
   277 | D:1      | Reached XP level 3. HP: 29/29 MP: 3/3
   826 | D:2      | Noticed Jessica
   881 | D:2      | Killed Jessica
   882 | D:2      | Reached XP level 4. HP: 13/35 MP: 4/4
  1327 | D:2      | Reached XP level 5. HP: 41/41 MP: 5/5
  1339 | D:2      | Reached skill level 5 in Polearms
  1860 | D:3      | Found a hide-covered altar of Uskayaw.
  2032 | D:3      | Reached XP level 6. HP: 39/47 MP: 3/6
  2182 | D:3      | Noticed an ice beast
  2197 | D:3      | Killed an ice beast
  2198 | D:3      | Reached XP level 7. HP: 47/52 MP: 2/7
  2400 | D:3      | Identified the scarf of the Good {shadows, Str+3 Dex+3
                  | Stlth+}
  2448 | D:3      | Identified the +7 whip "Zeroffej" {venom, Int+2 SInv}
  2501 | D:3      | Noticed a water moccasin
  2509 | D:3      | Killed a water moccasin
  3054 | D:4      | Found an iron altar of Okawaru.
  3452 | D:4      | Reached XP level 8. HP: 39/58 MP: 2/8
  3650 | D:5      | Entered Level 5 of the Dungeon
  3978 | D:5      | Found Afuabbionk's Antique Weapon Emporium.
  4265 | D:5      | Reached skill level 10 in Polearms
  4723 | D:5      | Noticed a yak
  4723 | D:5      | Noticed a yak
  4725 | D:5      | Noticed a yak
  4737 | D:5      | Killed a yak
  4738 | D:5      | Reached XP level 9. HP: 55/64 MP: 3/9
  5165 | D:6      | Found a hazy altar of Hepliaklqana.
  5166 | D:6      | Found a shimmering altar of Xom.
  5167 | D:6      | Noticed a spectral ugly thing
  5291 | D:6      | Noticed Eustachio
  5298 | D:6      | Killed Eustachio
  5365 | D:6      | Found a broken altar of Ashenzari.
  5367 | D:6      | Found a sparkling altar of Nemelex Xobeh.
  5924 | D:7      | Reached XP level 10. HP: 10/70 MP: 3/10
  5933 | D:7      | Found a shimmering blue altar of Sif Muna.
  6087 | D:7      | Found a sand-covered staircase.
  6100 | Ossuary  | Entered an ossuary
  6840 | D:7      | Found a staircase to the Ecumenical Temple.
  6943 | D:7      | Found a bloodstained altar of Trog.
  7092 | Temple   | Entered the Ecumenical Temple
  7103 | Temple   | Became a worshipper of Qazlal Stormbringer
  7268 | D:8      | Found a burning altar of Makhleb.
  7462 | D:8      | Reached skill level 1 in Invocations
  7801 | D:8      | Found a staircase to the Lair.
  7818 | D:8      | Reached * piety under Qazlal
  8168 | D:8      | Reached skill level 15 in Polearms
  8725 | D:9      | Reached XP level 11. HP: 66/75 MP: 4/14
  8880 | D:9      | Reached ** piety under Qazlal
  8897 | D:9      | Found a staircase to the Orcish Mines.
  8933 | D:9      | Found a runed translucent door.
  8937 | D:9      | Found a basalt altar of Yredelemnul.
  8971 | D:9      | Got the Incunable of the Distorted Crevasse
  9112 | D:9      | Found a radiant altar of Vehumet.
  9174 | D:9      | Reached skill level 5 in Invocations
  9422 | D:9      | Noticed Amaemon
  9442 | D:9      | Killed Amaemon
  9669 | D:9      | Found a shadowy altar of Dithmenos.
 10019 | D:9      | Reached skill level 5 in Armour
 10139 | D:10     | Entered Level 10 of the Dungeon
 10620 | D:10     | Found an ancient bone altar of Kikubaaqudgha.
 10643 | D:10     | Noticed Harold
 10661 | D:10     | Killed Harold
 10864 | D:10     | Noticed Joseph
 10882 | D:10     | Killed Joseph
 11140 | D:10     | Noticed Erica
 11158 | D:10     | Killed Erica
 12254 | D:11     | Noticed a two-headed ogre
 12272 | D:11     | Killed a two-headed ogre
 12273 | D:11     | Reached skill level 5 in Shields
 12273 | D:11     | Reached XP level 12. HP: 30/81 MP: 5/16
 12288 | D:10     | Identified a scroll of acquirement
 12569 | D:11     | You fall into a shaft and drop 1 floor!
 12773 | D:12     | Noticed a soul eater
 13231 | D:11     | Noticed a two-headed ogre
 13271 | D:10     | Killed a two-headed ogre
 13391 | D:11     | Reached skill level 10 in Shields
 14099 | D:12     | Noticed Maurice
 14116 | D:12     | Killed Maurice
 14256 | D:12     | Noticed a boulder beetle
 14283 | D:12     | Killed a boulder beetle
 14284 | D:12     | Reached skill level 5 in Fighting
 14506 | D:12     | Found Jutocoe's Armour Boutique.
 14511 | D:12     | Bought a +1 pair of boots of rampaging for 264 gold pieces
 14519 | D:12     | Noticed Gastronok
 14539 | D:12     | Killed Gastronok
 14617 | D:12     | Reached XP level 13. HP: 49/95 MP: 5/17
 16487 | D:13     | Upgraded the game from 0.31.0-9-g3a7656b989 to
                  | 0.31.0-10-gcf4a605ca0
 16630 | D:14     | Reached skill level 10 in Fighting
 16630 | D:14     | Reached skill level 1 in Evocations
 16634 | D:14     | Reached *** piety under Qazlal
 16737 | D:14     | Noticed a vault guard
 16737 | D:14     | Noticed a centaur warrior
 16837 | Lair:1   | Entered Level 1 of the Lair of Beasts
 17022 | Lair:1   | Found a dark tunnel.
 17181 | Volcano  | Entered a volcano
 17825 | Volcano  | Found a radiant altar of Vehumet.
 18070 | Volcano  | Noticed a red draconian
 18077 | Volcano  | Killed a red draconian
 18139 | Volcano  | Reached XP level 14. HP: 99/110 MP: 18/18
 19639 | Lair:2   | Identified the +0 ring mail of Bedevilment {rC+ Str+4}
 19990 | Lair:2   | Found a staircase to the Shoals.
 20067 | Lair:2   | Found a runed translucent gate.
 20068 | Lair:2   | Found a runed translucent gate.
 20069 | Lair:2   | Found a runed translucent gate.
 20071 | Lair:2   | Noticed Huxoxzufuz's ghost (journeyman GnFi)
 20071 | Lair:2   | Noticed Wiabosch's ghost (journeyman DEFE)
 20071 | Lair:2   | Noticed Wuvuatt's ghost (journeyman MiBe)
 20915 | Lair:2   | Killed Huxoxzufuz's ghost
 20919 | Lair:2   | Killed Wuvuatt's ghost
 20927 | Lair:2   | Killed Wiabosch's ghost
 21325 | Lair:3   | Reached **** piety under Qazlal
 21405 | Lair:3   | Found a hole to the Spider Nest.
 22225 | Lair:4   | Identified the scarf "Qieceoci" {rC+ rF+, Int+4 Stlth-}
 22648 | Lair:4   | Found a staircase to the Slime Pits.
 22715 | Lair:4   | Identified the +5 rapier "Ysoez" {elec, rC++ Dex-2}
 23033 | Lair:5   | Entered Level 5 of the Lair of Beasts
 23539 | Lair:5   | Reached XP level 15. HP: 115/115 MP: 19/19
 23798 | Lair:5   | Reached ***** piety under Qazlal
 24249 | Lair:5   | Reached skill level 10 in Invocations
 25792 | Orc:1    | Entered Level 1 of the Orcish Mines
 25800 | Orc:1    | Reached ****** piety under Qazlal
 25936 | Orc:2    | Entered Level 2 of the Orcish Mines
 26076 | Orc:2    | Noticed an orc warlord
 26111 | Orc:1    | Killed an orc warlord
 26286 | Orc:2    | Found Ezint's Book Emporium.
 26379 | Orc:2    | Reached skill level 15 in Shields
 26385 | Orc:2    | Reached XP level 16. HP: 113/122 MP: 23/23
 26443 | Orc:2    | Found Etti's Antique Armour Shoppe.
 26756 | Orc:2    | Found Jusulyos's General Store.
 26955 | Orc:2    | Found Ushrehi's Antique Weapon Boutique.
 27109 | Orc:2    | Found a staircase to the Elven Halls.
 27167 | Orc:2    | Bought a scroll of identify for 28 gold pieces
 27384 | Orc:2    | Bought a shimmering plate armour for 728 gold pieces
 27384 | Orc:2    | Identified the +14 plate armour "Filabah" {-Tele rN++
                  | rCorr} (You bought it in a shop on level 2 of the Orcish
                  | Mines)
 27384 | Orc:2    | Bought a glimmering plate armour for 728 gold pieces
 27384 | Orc:2    | Identified the +7 plate armour "Soannoom" {Rampage *Slow
                  | Str+6 Stlth+} (You bought it in a shop on level 2 of the
                  | Orcish Mines)
 27603 | Shoals:1 | Entered Level 1 of the Shoals
 27822 | Shoals:1 | Reached skill level 5 in Evocations
 29108 | Shoals:2 | Found a transporter.
 29108 | Shoals:2 | Found Gihicius's Distillery.
 29110 | Shoals:2 | Found a transporter.
 29342 | Shoals:2 | Reached skill level 10 in Evocations
 29373 | Shoals:2 | Bought a potion of degeneration for 19 gold pieces
 30064 | Slime:1  | Entered Level 1 of the Pits of Slime
 30068 | Slime:1  | Noticed an azure jelly
 30070 | Slime:1  | Noticed an azure jelly
 30073 | Slime:1  | Noticed an azure jelly
 30077 | Slime:1  | Killed an azure jelly
 30078 | Slime:1  | Noticed an acid blob
 30096 | Lair:4   | Killed an azure jelly
 30302 | Spider:1 | Entered Level 1 of the Spider Nest
 30302 | Spider:1 | Noticed Mlioglotl
 30319 | Lair:3   | You fall into a shaft and drop 1 floor!
 30629 | Lair:3   | Killed Mlioglotl
 30683 | Lair:3   | Found a hole to the Spider Nest.
 31195 | Spider:1 | Identified the serpent talisman "Vaofiblo" {rElec Int-4
                  | SInv}
 31195 | Spider:1 | Noticed Aizul
 31304 | Lair:3   | Reached XP level 17. HP: 106/128 MP: 0/24
 31523 | Lair:3   | Killed Aizul
 31668 | Spider:1 | Noticed Kirke
 31682 | Spider:1 | Killed Kirke
 32081 | Lair:3   | Acquired a +2 tower shield of protection
 32258 | Spider:1 | Identified the +13 plate armour "Vumaoc" {rC+ Int+3 Dex+3}
 33865 | Spider:3 | Reached XP level 18. HP: 125/134 MP: 25/25
 35429 | Shoals:3 | Noticed Ilsuiw
 35756 | Shoals:3 | Killed Ilsuiw
 36829 | Spider:4 | Entered Level 4 of the Spider Nest
 36908 | Spider:4 | Upgraded the game from 0.31.0-10-gcf4a605ca0 to
                  | 0.31.0-11-ge490571c62
 37536 | Spider:4 | Reached skill level 15 in Invocations
 37579 | Spider:4 | Reached XP level 19. HP: 140/140 MP: 30/30
 38576 | Spider:4 | Identified the orb of Mirth {*channel, rPois rN+ Regen+}
 38748 | Spider:4 | Got a gossamer rune of Zot
 41385 | Lair:4   | Found a staircase to the Slime Pits.
 42062 | Lair:3   | Found a hole to the Spider Nest.
 42865 | Lair:2   | Found a staircase to the Shoals.
 43414 | Lair:2   | Found a staircase to the Shoals.
 46225 | D:3      | Found a hide-covered altar of Uskayaw.
 47057 | D:4      | Found an iron altar of Okawaru.
 47444 | D:5      | Found Afuabbionk's Antique Weapon Emporium.
 47880 | D:6      | Found a sparkling altar of Nemelex Xobeh.
 47882 | D:6      | Found a broken altar of Ashenzari.
 48003 | D:6      | Found a hazy altar of Hepliaklqana.
 48004 | D:6      | Found a shimmering altar of Xom.
 48371 | D:7      | Found a staircase to the Ecumenical Temple.
 48516 | D:7      | Found a shimmering blue altar of Sif Muna.
 48840 | D:7      | Found a bloodstained altar of Trog.
 48976 | D:8      | Found a burning altar of Makhleb.
 49064 | D:8      | Found a staircase to the Lair.
 49532 | D:9      | Found a shadowy altar of Dithmenos.
 49718 | D:9      | Found a staircase to the Orcish Mines.
 49774 | D:9      | Found a basalt altar of Yredelemnul.
 49856 | D:9      | Found a radiant altar of Vehumet.
 50629 | D:10     | Found an ancient bone altar of Kikubaaqudgha.
 51737 | D:12     | Found Jutocoe's Armour Boutique.
 52662 | D:14     | Identified the amulet of Unlesar {Faith rF+++ MP+9 Slay-2}
 53019 | D:14     | Found a gate to the Vaults.
 53285 | D:15     | Entered Level 15 of the Dungeon
 53305 | D:15     | Noticed Rupert
 53327 | D:14     | Killed Rupert
 53872 | D:15     | Noticed Azrael
 53884 | D:15     | Killed Azrael
 54390 | D:15     | Found a staircase to the Depths.
 55148 | Shoals:2 | Found a transporter.
 55148 | Shoals:2 | Found Gihicius's Distillery.
 55171 | Shoals:2 | Found a transporter.
 56132 | Shoals:4 | Entered Level 4 of the Shoals
 56255 | Shoals:4 | Noticed Louise
 56259 | Abyss:2  | Cast into level 2 of the Abyss (Louise)
 56267 | Abyss:2  | Found a corrupted altar of Lugonu.
 56332 | Abyss:2  | Found a corrupted altar of Lugonu.
 56512 | Shoals:3 | Escaped the Abyss
 56518 | Shoals:3 | Killed Louise
 56519 | Shoals:3 | Reached XP level 20. HP: 151/151 MP: 33/33
 57163 | Shoals:4 | Noticed Mara
 57226 | Shoals:4 | Noticed Cheops's illusion
 57227 | Shoals:4 | Killed Mara
 57565 | Shoals:4 | Got a barnacled rune of Zot
 58196 | Elf:1    | Entered Level 1 of the Elven Halls
 58912 | Elf:1    | Got the Catalogue of Blows
 58971 | Elf:1    | Reached skill level 15 in Fighting
 60219 | Elf:2    | Identified the +8 mace of Ambiguity {flame, Fly Dex+6 SInv}
 60284 | Elf:2    | Reached XP level 21. HP: 168/172 MP: 34/34
 60652 | Elf:2    | Found a runed translucent gate.
 60652 | Elf:2    | Found a runed translucent gate.
 60653 | Elf:2    | Found a runed translucent gate.
 61204 | Elf:2    | Noticed Jorgrun
 61226 | Elf:2    | Killed Jorgrun
 61643 | Elf:2    | Identified the blade talisman of Plasticity {Dex+3}
 61814 | Elf:3    | Entered Level 3 of the Elven Halls
 61827 | Elf:3    | Noticed Donald
 61844 | Elf:3    | Killed Donald
 62759 | Elf:3    | Identified the +8 flail of Okawaru's Whim {flame, *Corrode
                  | rElec rC+ Will+}
 62984 | Elf:3    | Identified the +0 plate armour "Ucehev" {rPois rF- Dex+2}
 63347 | Elf:3    | Identified the +0 scale mail of Valoenej {Int+3}
 63379 | Elf:3    | Noticed a Tzitzimitl
 63379 | Elf:3    | Identified the ring of Nicw {rN+ Str+6 Dex-5}
 63389 | Elf:3    | Identified the +1 plate armour "Omiesau" {Regen+ Dex+4}
 63489 | Elf:3    | Reached XP level 22. HP: 184/184 MP: 11/35
 63800 | Elf:3    | Found the +0 pair of fencer's gloves {Riposte Dex+3}
 63835 | Elf:3    | Identified the staff of the Nexus {rPois rF+ Dex+3 Fire}
 63886 | Elf:3    | Identified the +0 dagger "Beast's Undoing" {drain, rPois
                  | rF+ Will- MP+9}
 64491 | Vaults:1 | Entered Level 1 of the Vaults
 65055 | Vaults:1 | Found a transporter.
 65068 | Vaults:1 | Found a transporter.
 65132 | Vaults:1 | Found Oskut's Magic Scroll Boutique.
 65144 | Vaults:1 | Bought a scroll of acquirement for 780 gold pieces
 65144 | Vaults:1 | Bought a scroll of enchant weapon for 112 gold pieces
 65144 | Vaults:1 | Acquired the +1 pair of boots of Disappointment {Fly}
 65940 | Vaults:1 | Identified the amulet "Corphoo" {Faith Dex+8}
 65944 | Vaults:1 | Identified the +2 pair of gloves "Loipew" {rN+ Slay+5
                  | Stlth+}
 67082 | Vaults:2 | Reached XP level 23. HP: 180/190 MP: 36/36
 67246 | Vaults:2 | Found a staircase to the Crypt.
 67246 | Vaults:2 | Found an ancient bone altar of Kikubaaqudgha.
 67247 | Vaults:2 | Found a basalt altar of Yredelemnul.
 68295 | Vaults:3 | Reached skill level 10 in Armour
 68350 | Vaults:3 | Noticed Margery
 68381 | Vaults:2 | Killed Margery
 69327 | Vaults:3 | Found Tuvant's Armour Boutique.
 69606 | Vaults:4 | Identified the staff "Suxal" {rN+ Int+3 Necro Earth}
 71039 | Vaults:4 | Reached skill level 15 in Armour
 71582 | Vaults:5 | Entered Level 5 of the Vaults
 71587 | Vaults:5 | Reached XP level 24. HP: 148/197 MP: 36/36
 72110 | Vaults:5 | Reached skill level 1 in Dodging
 72440 | Vaults:5 | Reached skill level 5 in Dodging
 72512 | Vaults:5 | Identified the +11 broad axe of the Stained God {holy,
                  | +Blink rF- rN++}
 72673 | Vaults:5 | Identified the +1 leather armour of Valour {rN+}
 72677 | Vaults:5 | Identified the +2 leather armour "Viqoih" {Str+3 Int+3}
 72924 | Vaults:5 | Identified the amulet "Yxto" {rN++ Regen+ Str+4 Dex+3}
 72965 | Vaults:5 | Noticed a golden dragon
 72976 | Vaults:5 | Killed a golden dragon
 73044 | Vaults:5 | Noticed a dread lich
 73052 | Vaults:5 | Killed a dread lich
 73053 | Vaults:5 | Reached XP level 25. HP: 176/204 MP: 36/36
 73067 | Vaults:5 | Identified the +6 orcbow of Honour {speed, Str+3 Int+3}
 73128 | Vaults:5 | Identified the +1 plate armour of the Cursing Gods {rPois
                  | Stlth+}
 73129 | Vaults:5 | Identified the +3 spear of Kindness {pain, Dex+3}
 73137 | Vaults:5 | Identified the +7 halberd of Imminent Death {drain, rF+
                  | rCorr}
 73199 | Vaults:5 | Identified the +0 hat of Somewhere Else {rPois rF- Str+3
                  | Int+4}
 73420 | Vaults:5 | Identified the staff of Liazaj {rElec rF+ Will- Int+2 Air}
 73687 | Vaults:5 | Got a silver rune of Zot
 73691 | Vaults:5 | Identified the +1 rapier "Diebromma" {venom, rF+ rN+ Str+3}
 74493 | Slime:2  | Reached skill level 10 in Dodging
 74593 | Slime:2  | Gained mutation: Potions are less effective at restoring
                  | your health. [a shining eye]
 74846 | Slime:1  | Gained mutation: Your magical capacity is low. (-10% MP) [a
                  | shining eye]
 76073 | Slime:2  | Gained mutation: You occasionally shout uncontrollably at
                  | your foes. [a shining eye]
 76809 | Slime:5  | Entered Level 5 of the Pits of Slime
 76905 | Slime:5  | Noticed the Royal Jelly
 76960 | Slime:5  | Killed the Royal Jelly
 77393 | Slime:5  | Found the +9 staff of Olgreb {rPois∞}
 77730 | Slime:5  | Gained mutation: You occasionally lose the ability to drink
                  | potions when taking damage. [a shining eye]
 77731 | Slime:5  | Gained mutation: You frequently scream uncontrollably at
                  | your foes. [a shining eye]
 77733 | Slime:5  | Gained mutation: You sometimes lose the ability to drink
                  | potions when taking damage. [a shining eye]
 78114 | Slime:5  | Identified the +7 scale mail of Jisatumy {Dex+4}
 78129 | Slime:5  | Identified the ring of the Marlin {Ice ^Drain Will+ Int+3}
 78164 | Slime:5  | Got a slimy rune of Zot
 78167 | Slime:5  | Identified the +7 rapier "Jaotz" {flame, rPois Will- Str+3
                  | Dex+2}
 78171 | Slime:5  | Identified the +0 ring mail "Otsunof" {Int+5}
 78191 | Slime:5  | Identified the ring of Rufe {^Contam Fly rC+ Will+}
 78209 | Slime:5  | Got the Reference Book on the Supportive Graveyard
 78239 | Slime:5  | Identified the staff "Iraxkum" {rC+ Stlth+ Earth}
 78392 | Slime:5  | Lost mutation: Your magical capacity is low. (-10% MP)
                  | [potion of mutation]
 78392 | Slime:5  | Lost mutation: Potions are less effective at restoring your
                  | health. [potion of mutation]
 78392 | Slime:5  | Gained mutation: You are weak. (Str -2) [potion of
                  | mutation]
 78392 | Slime:5  | Lost mutation: You sometimes lose the ability to drink
                  | potions when taking damage. [potion of mutation]
 78392 | Slime:5  | Gained mutation: You are vulnerable to cold. (rC-) [potion
                  | of mutation]
 78392 | Slime:5  | Gained mutation: You are strong-willed. (Will+) [potion of
                  | mutation]
 78393 | Slime:5  | Lost mutation: You are weak. (Str -2) [potion of mutation]
 78393 | Slime:5  | Lost mutation: You are vulnerable to cold. (rC-) [potion of
                  | mutation]
 78393 | Slime:5  | Gained mutation: You are vulnerable to heat. (rF-) [potion
                  | of mutation]
 78393 | Slime:5  | Gained mutation: You expend magic power (3 MP) to
                  | strengthen your wands. [potion of mutation]
 78393 | Slime:5  | Gained mutation: You passively map a small area around you.
                  | [potion of mutation]
 78394 | Slime:5  | Lost mutation: You occasionally lose the ability to drink
                  | potions when taking damage. [potion of mutation]
 78394 | Slime:5  | Lost mutation: You are vulnerable to heat. (rF-) [potion of
                  | mutation]
 78394 | Slime:5  | Gained mutation: Your body sometimes deteriorates upon
                  | taking damage. [potion of mutation]
 78394 | Slime:5  | Gained mutation: You are covered in fur. (AC +1) [potion of
                  | mutation]
 78395 | Slime:5  | Lost mutation: You frequently scream uncontrollably at your
                  | foes. [potion of mutation]
 78395 | Slime:5  | Lost mutation: You occasionally shout uncontrollably at
                  | your foes. [potion of mutation]
 78395 | Slime:5  | Gained mutation: Your spells are a little harder to cast,
                  | but a little more powerful. [potion of mutation]
 78396 | Slime:5  | Lost mutation: Your body sometimes deteriorates upon taking
                  | damage. [potion of mutation]
 78396 | Slime:5  | Lost mutation: You are covered in fur. (AC +1) [potion of
                  | mutation]
 78396 | Slime:5  | Gained mutation: You possess an exceptional clarity of
                  | mind. [potion of mutation]
 78396 | Slime:5  | Lost mutation: You are strong-willed. (Will+) [potion of
                  | mutation]
 78396 | Slime:5  | Lost mutation: You possess an exceptional clarity of mind.
                  | [potion of mutation]
 78396 | Slime:5  | Gained mutation: You have large cloven feet. [potion of
                  | mutation]
 78751 | Crypt:1  | Entered Level 1 of the Crypt
 78983 | Depths:1 | Entered Level 1 of the Depths
 79004 | Depths:1 | Found a runed translucent door.
 79071 | Depths:1 | Reached XP level 26. HP: 211/211 MP: 36/36
 79098 | Depths:1 | Noticed Xutext's ghost (adept DsAK)
 79157 | Depths:1 | Killed Xutext's ghost
 79189 | Depths:1 | Found a one-way gate leading to the halls of Pandemonium.
 79244 | Depths:1 | Found a one-way gateway to a ziggurat.
 79621 | Depths:1 | Gained mutation: Your magical capacity is low. (-10% MP) [a
                  | shining eye]
 79645 | Depths:1 | Found a gateway to Hell.
 79814 | Depths:1 | Reached skill level 15 in Dodging
 79837 | Depths:1 | Noticed Norris
 79845 | Depths:1 | Killed Norris
 80525 | Depths:2 | Noticed a juggernaut
 80535 | Depths:2 | Killed a juggernaut
 81548 | Depths:3 | Reached skill level 15 in Evocations
 81612 | Depths:3 | Found a runed translucent door.
 81645 | Depths:3 | Found a one-way gate to the infinite horrors of the Abyss.
 81908 | Depths:3 | Found a runed translucent door.
 82134 | Depths:3 | Identified the +5 scimitar of Fojek {drain, rF+ rN+ rCorr}
 82257 | Depths:4 | Entered Level 4 of the Depths
 82258 | Depths:4 | Noticed Xtahua
 82410 | Depths:4 | Reached XP level 27. HP: 217/217 MP: 32/32
 82489 | Depths:3 | Killed Xtahua
 82643 | Depths:4 | Noticed Jory
 82658 | Depths:4 | Killed Jory
 82907 | Depths:4 | Found a gate to the Realm of Zot.
 85849 | Crypt:3  | Entered Level 3 of the Crypt
 86035 | Crypt:3  | Found a magical portal.
 86053 | WizLab   | Entered Tukima's Studio
 86183 | WizLab   | Identified the +6 longbow "Uronk" {speed, rF++ Will+ Str-3
                  | Dex+3}
 86253 | WizLab   | Identified the +12 longbow "Imeghof" {speed, rPois rCorr
                  | Int+2}
 86428 | WizLab   | Noticed Cheops's illusion
 86470 | WizLab   | Noticed Cheops's illusion
 86484 | WizLab   | Identified the +4 hat of Reynihid {rElec Stlth+}
 86751 | Crypt:3  | Found a staircase to the Tomb.
 86809 | Crypt:3  | Identified the +9 sling of Cheese {antimagic, Will+}
 87008 | Crypt:3  | Noticed a dread lich
 87018 | Crypt:3  | Killed a dread lich
 87177 | Crypt:3  | Found the amulet of the Air {Inacc Air Fly rElec RMsl}
 87187 | Crypt:3  | Identified the ring of Disaster {Fire Str+2}
 87973 | Depths:3 | Voluntarily entered the Abyss.
 88153 | Abyss:3  | Got an abyssal rune of Zot
 88179 | Depths:3 | Escaped the Abyss
 88394 | Zot:1    | Entered Level 1 of the Realm of Zot
 90942 | Zot:2    | Gained mutation: You are vulnerable to heat. (rF-)
                  | [mutagenic glow]
 91375 | Zot:2    | Noticed a Killer Klown
 91386 | Zot:2    | Killed a Killer Klown
 91450 | Zot:2    | Noticed a Killer Klown
 91474 | Zot:2    | Killed a Killer Klown
 91493 | Zot:2    | Noticed a Killer Klown
 91508 | Zot:2    | Killed a Killer Klown
 92171 | Zot:3    | Reached skill level 27 in Invocations
 92222 | Zot:3    | Noticed a Killer Klown
 92234 | Zot:2    | Killed a Killer Klown
 92632 | Zot:3    | Identified the +4 hand axe "Amiytrel" {antimagic, rC+ Str+2
                  | Stlth-}
 93621 | Zot:3    | Lost mutation: You have large cloven feet. [potion of
                  | mutation]
 93621 | Zot:3    | Lost mutation: Your spells are a little harder to cast, but
                  | a little more powerful. [potion of mutation]
 93621 | Zot:3    | Gained mutation: Your spells are a little easier to cast,
                  | but a little less powerful. [potion of mutation]
 93622 | Zot:3    | Lost mutation: You are vulnerable to heat. (rF-) [potion of
                  | mutation]
 93622 | Zot:3    | Lost mutation: Your magical capacity is low. (-10% MP)
                  | [potion of mutation]
 93622 | Zot:3    | Gained mutation: You are strong-willed. (Will+) [potion of
                  | mutation]
 93622 | Zot:3    | Gained mutation: You are partially covered in iridescent
                  | scales. (AC +2) [potion of mutation]
 93622 | Zot:3    | Gained mutation: Your mind is acute. (Int +4, Str/Dex -1)
                  | [potion of mutation]
 94408 | Zot:5    | Entered Level 5 of the Realm of Zot
 94419 | Zot:5    | Noticed a Killer Klown
 94597 | Zot:5    | Killed a Killer Klown
 95423 | Zot:5    | Noticed a dread lich
 95437 | Zot:5    | Gained mutation: You have large cloven feet. [a cacodemon]
 95449 | Zot:5    | Killed a dread lich
 95586 | Zot:5    | Noticed a Killer Klown
 95587 | Zot:5    | Noticed an ancient lich
 95622 | Zot:5    | Killed a Killer Klown
 95625 | Zot:5    | Noticed an orb of fire
 95651 | Zot:5    | Killed an orb of fire
 95789 | Zot:5    | Killed an ancient lich
 95888 | Zot:5    | Noticed a Killer Klown
 95917 | Zot:5    | Killed a Killer Klown
 95925 | Zot:5    | Noticed an ancient lich
 95942 | Zot:5    | Killed an ancient lich
 96120 | Zot:5    | Noticed an orb of fire
 96124 | Zot:5    | Gained mutation: You are frail. (-10% HP) [an orb of fire]
 96142 | Zot:5    | Gained mutation: You are clumsy. (Dex -2) [an orb of fire]
 96150 | Zot:5    | Killed an orb of fire
 96293 | Zot:5    | Noticed a Killer Klown
 96307 | Zot:5    | Killed a Killer Klown
 96413 | Zot:5    | Noticed a Killer Klown
 96451 | Zot:5    | Reached skill level 27 in Polearms
 96452 | Zot:5    | Killed a Killer Klown
 97342 | Orc:2    | Bought a scroll of enchant weapon for 105 gold pieces
 97890 | Hell     | Entered the Vestibule of Hell
 97890 | Hell     | Noticed Geryon
 98099 | Hell     | Killed Geryon
 98198 | Hell     | Found a gateway to the decaying netherworld of Tartarus.
 98348 | Hell     | Found a gateway to the freezing wastes of Cocytus.
 98638 | Hell     | Found a gateway to the Iron City of Dis.
 98708 | Hell     | Found a gateway to the ashen valley of Gehenna.
 99247 | Zot:5    | Got the Orb of Zot
 99276 | Zot:5    | Noticed Bunamp the pandemonium lord
 99320 | Zot:4    | Killed Bunamp the pandemonium lord
 99864 | D:1      | Noticed Ranwuc the pandemonium lord
 99884 | D:1      | You fall into a shaft and drop 1 floor!
 99925 | D:$      | Escaped with the Orb!

Illustrated notes

Levels and vault maps discovered:
D:1:      minmay_arrival_radiant_lines, layout_basic, minmay_surrounded
D:2:      layout_basic, minivault_27, minmay_split_cup_small, uniq_jessica
D:3:      minmay_diamond_boxcup, layout_loops_ring, mainiacjoe_overflow_brackets
D:4:      layout_loops_ring, overflow_temple_1_default
D:5:      layout_gridville, serial_shops, shop,
          hangedman_abyss_or_decor_stagger, chequers_serial_rivers_micro_a
D:6:      layout_rooms, chequers_temple_overflow_statue_of_worship,
          regret_index_temple_of_mockery, grunt_decor_cap, uniq_eustachio
D:7:      layout_loops_ring, trog_ov_bears_minmay, mainiacjoe_overflow_chevrons,
          minmay_temple_entry_nine_rooms, enter_ossuary_3
D:8:      layout_loops_ring, mainiacjoe_overflow_boulevard, lair_entry_dummy,
          kennysheep_dice
D:9:      layout_stronghold, dk_yredelemnul_ordeal,
          mainiacjoe_overflow_small_starburst, lemuel_tele_altar,
          minmay_orc_entry_guard_dogs, uniq_amaemon
D:10:     layout_stronghold, mainiacjoe_overflow_cross_hatched, serial_rivers,
          chequers_serial_rivers_small_b, chequers_serial_rivers_small_3,
          chequers_serial_rivers_micro_d, chequers_serial_rivers_large_a,
          chequers_serial_rivers_micro_b, chequers_serial_rivers_micro_d,
          uniq_erica, uniq_harold, uniq_joseph
D:11:     cheibrodos_grave_circle, layout_rooms
D:12:     layout_rooms, serial_shops, nicolae_square_shop, uniq_maurice,
          uniq_gastronok
D:13:     layout_long_grid
D:14:     layout_cave_pools, erik_vaults_1, serial_ice, serial_ice_d,
          serial_ice_e, serial_ice_c, serial_ice_k, serial_ice_n, serial_ice_a,
          serial_ice_f, serial_ice_b, minivault_24
D:15:     grunt_enter_depths_magical_seal, layout_loops_ring, uniq_rupert,
          uniq_azrael
Temple:   hellmonk_temple_forest_ring
Lair:1:   dreamdust_cave_troll, layout_layer_cave, enter_volcano_3
Lair:2:   layout_loops_ring, shoals_dummy_entry, gammafunk_ghost_cemetery,
          serial_bayou_shore_b
Lair:3:   layout_big_grid, nicolae_spider_entry_lesser_pyramids,
          bobbens_dragon_lair_wall
Lair:4:   layout_loops_ring, minmay_slime_entry_jelly_boxes, fungi_pond_lemuel
Lair:5:   minmay_lair_end_enchanted_forest, layout_cave_shapes,
          grunt_megastairs_4
Shoals:1: layout_shoals
Shoals:2: layout_shoals, serial_shops, nicolae_shop_drivethru, overgrown_tower
Shoals:3: layout_shoals, uniq_ilsuiw
Shoals:4: shoals_end_grunt_garden, layout_shoals, shoals_ilsuiw_ice,
          uniq_louise, uniq_mara
Spider:1: layout_spider_delve, uniq_kirke, uniq_mlioglotl, uniq_aizul
Spider:2: layout_spider_delve, nicolae_spider_wall_of_niches
Spider:3: nicolae_spider_obnoxious_hallway
Spider:4: guppyfry_spider_rune, hangedman_spider_tarantella_strand
Slime:1:  layout_caves
Slime:2:  layout_caves
Slime:3:  layout_caves
Slime:4:  layout_caves
Slime:5:  slime_pit_nicolae_block_by_block
Orc:1:    layout_caves
Orc:2:    grunt_orc_gardens, layout_caves, grunt_orc_garden, grunt_orc_garden,
          grunt_orc_garden, grunt_orc_garden
Elf:1:    eino_elf_arrival_the_gate, layout_loops_corners, minmay_elf_sorcery,
          st_stairs_10
Elf:2:    nicolae_elf_blades_splatter_lattice [infiniplex_blade_entry_pillars],
          layout_geoelf_grid, uniq_jorgrun
Elf:3:    grunt_elf_hall_spiral, layout_loops_ring, nicolae_twisting_strands,
          uniq_donald
Vaults:1: v_misc_4, nicolae_vaults_frosty_reception, nicolae_vaults_wrenched,
          gammafunk_sealed_arena, nicolae_vaults_storage_closets_3, v_misc_30,
          layout_vaults_big_room, serial_shops, shop
Vaults:2: vaults_mumra_hex, serial_ice_h, v_misc_28,
          nicolae_vaults_oval_intersection, minmay_crypt_entry_necro_gods,
          nicolae_vaults_network_s, nicolae_vaults_door_testing_chamber,
          nicolae_vaults_offset_grid_hallway_3, vaults_room_fours,
          hangedman_vaults_stretched_pinwheel, nicolae_vaults_network_square,
          nicolae_vaults_whirlpool_walls, layout_vaults_omnibox
Vaults:3: v_misc_31, nicolae_vaults_mitosis, v_misc_2,
          nicolae_vaults_network_star, vaults_standard_mumra_lines,
          v_alt_pattern_6, hangedman_vaults_impose,
          hangedman_vaults_stretched_pinwheel, nicolae_vaults_little_ls,
          nicolae_vaults_stand_back, nicolae_vaults_storage_room_glass,
          nicolae_vaults_octothorpe, ontoclasm_vaults_pinch, v_alt_pattern_1,
          layout_vaults_maze, serial_shops, shop, uniq_margery
Vaults:4: nicolae_vaults_network_periphery, v_rooms_4,
          nicolae_vaults_closet_pinwheel_4, nicolae_vaults_stepped_doors,
          hangedman_vaults_nails, nicolae_vaults_trapezoid_lopsided_1,
          nicolae_vaults_closet_pinwheel_2, vaults_room_pools,
          layout_vaults_quadrants
Vaults:5: serial_shops
Crypt:1:  cheibrodos_crypt_draghalla, layout_chaotic_city,
          palyth_stone_intersect
Crypt:2:  layout_catacombs
Crypt:3:  due_elkab, layout_chaotic_city, tomb_entry_forgotten_bobbens,
          mu_enter_wizlab_3
Depths:1: layout_gridlike, enter_ziggurat_f, gammafunk_ghost_grave,
          nicolae_hell_entry_hellmouth_sunbeams, rand_demon_pan_entry_7,
          evilmike_butchery, infiniplex_staircase_pool_lava, uniq_norris
Depths:2: minmay_shrinking_squares, layout_gridville, hell_entry,
          grunt_pan_entry_in_and_out, corexii_corridor_pit,
          nicolae_triple_integral, infiniplex_staircase_hallway_doors
Depths:3: minmay_expanding_circles, layout_gridlike, abyss_entry, hell_entry,
          fountainhead, infiniplex_staircase_split_hallway
Depths:4: grunt_x_marks_the_spot, layout_small_grid, hangedman_coc_ice_floe,
          abyss_entry_glasseish, minmay_strange_pillars, nicolae_water_bricks,
          drop_trap, minmay_misc_feat_rows, uniq_jory, uniq_xtahua
Hell
Zot:1:    layout_misc_corridors
Zot:2:    circus_mu, layout_onion
Zot:3:    layout_gridlike, regret_index_zotdec_decaying_basic
Zot:4:    layout_twisted_circle
Zot:5:    layout_onion, grunt_ministairs_5

Skill      XL: |  1  2  3  4  5  6  7  8  9 10 11 12 13 14 15 16 17 18 19 20 21 22 23 24 25 26 27 |
---------------+----------------------------------------------------------------------------------+-----
Polearms       | 3 4 5 7 8 10 13 15 16 17 20 21 24 27 | 27.0
Invocations    | 4 5 6 10 15 19 27 | 27.0
Armour         | 8 16 18 | 18.0
Shields        | 5 11 15 16 20 22 | 22.0
Fighting       | 6 10 11 16 18 22 | 22.0
Evocations     | 4 11 12 16 20 | 20.4
Dodging        | 8 14 15 | 15.3

Action                     |  1- 3 |  4- 6 |  7- 9 | 10-12 | 13-15 | 16-18 | 19-21 | 22-24 | 25-27 || total
---------------------------+-------+-------+-------+-------+-------+-------+-------+-------+-------++-------
  Melee: Trident           |    90 |   117 |       |       |    25 |       |       |       |       ||   232
         Halberd           |       |    30 |   271 |   842 |   967 |    95 |   376 |    19 |   263 ||  2863
         Glaive            |       |       |       |       |   171 |   949 |   993 |   693 |    56 ||  2862
         Unarmed           |       |       |       |       |       |     4 |       |       |       ||     4
         Demon trident     |       |       |       |       |       |       |     8 |       |       ||     8
         Bardiche          |       |       |       |       |       |       |     2 |   145 |  2986 ||  3133
 Invoke: Upheaval          |       |       |       |    14 |       |     5 |    14 |       |     5 ||    38
         Elemental Force   |       |       |       |       |     2 |     2 |     2 |       |     1 ||     7
         Disaster Area     |       |       |       |       |       |     1 |     1 |       |     1 ||     3
Ability: Dig               |     1 |       |       |       |     5 |     6 |     4 |       |     8 ||    24
         Shaft Self        |       |       |       |     1 |       |     1 |       |       |     1 ||     3
  Evoke: Wand              |       |       |       |       |     4 |       |       |       |       ||     4
         Box of beasts     |       |       |       |       |       |       |     1 |       |       ||     1
    Use: Scroll            |       |       |     9 |     3 |    19 |     7 |     5 |     8 |    11 ||    62
         Potion            |       |       |     2 |     4 |     3 |     4 |     3 |     7 |    13 ||    36
   Stab: Sleeping          |       |       |     3 |       |       |       |       |       |       ||     3
         Distracted        |       |       |       |       |     1 |    14 |    17 |    11 |     3 ||    46
         Paralysed         |       |       |       |       |       |     5 |     1 |       |     1 ||     7
         Confused          |       |       |       |       |       |       |     1 |       |       ||     1
 Armour: Scale mail        |    42 |    77 |    63 |       |       |       |       |       |       ||   182
         Chain mail        |       |       |    85 |   142 |       |       |       |       |       ||   227
         Plate armour      |       |       |       |   255 |   449 |   433 |   268 |   217 |   780 ||  2402
         Ring mail         |       |       |       |       |    16 |       |       |       |       ||    16
         Skin              |       |       |       |       |       |     6 |       |       |       ||     6
  Dodge: Dodged            |    54 |    39 |    75 |   175 |   305 |   368 |   184 |    98 |   556 ||  1854
         Repelled          |       |       |       |       |       |    10 |    11 |     6 |    71 ||    98
  Block: Buckler           |    19 |    42 |    47 |   116 |       |       |       |       |       ||   224
         Kite shield       |       |       |       |   210 |   895 |   482 |       |       |       ||  1587
         Tower shield      |       |       |       |       |       |   808 |  1234 |   772 |  3161 ||  5975
         Other             |       |       |       |       |       |     1 |       |       |       ||     1
Riposte: Glaive            |       |       |       |       |       |       |       |   138 |    11 ||   149
         Halberd           |       |       |       |       |       |       |       |     2 |    69 ||    71
         Bardiche          |       |       |       |       |       |       |       |    78 |   972 ||  1050
